 Dungeon Crawl Stone Soup version 0.26.1-10-gdfb7c7de75 (webtiles) character file.

Game seed: 8856728219414376271

291 sankara the Ruffian (level 6, -7/55 HPs)
             Began as a Troll Hunter on Apr 3, 2021.
             Was an Initiate of Gozag.
             Mangled by a phantom (10 damage)
             ... on level 6 of the Dungeon.
             The game lasted 00:11:06 (3190 turns).

sankara the Ruffian (Troll Hunter)                  Turns: 3190, Time: 00:11:06

Health: -7/55      AC:  7    Str: 21    XL:     6   Next: 10%
Magic:  0/5        EV: 10    Int:  7    God:    Gozag
Gold:   212        SH:  0    Dex: 12    Spells: 5/5 levels left

rFire    . . .     SeeInvis .     - Unarmed
rCold    . . .     Faith    .   (no shield)
rNeg     . . .     Spirit   +   b - +0 robe
rPois    .         Reflect  .   A - +1 hat
rElec    .         Harm     .   (no cloak)
rCorr    .         Rampage  .   (gloves unavailable)
Will     .....                  (boots unavailable)
Stlth    +.........             q - amulet of guardian spirit
HPRegen  0.58/turn              (no ring)
MPRegen  0.09/turn              (no ring)

@: no status effects
A: large, unfitting armour, claws 3, regeneration 1, shaggy fur 1, tough skin 3
a: Renounce Religion, Potion Petition, Call Merchant, Bribe Branch


You were on level 6 of the Dungeon.
You worshipped Gozag.
Gozag was aware of your devotion.
You visited 2 branches of the dungeon, and saw 6 of its levels.

You collected 316 gold pieces.
You paid 104 gold pieces to Gozag.

Inventory:

Hand Weapons
 a - a +0 short sword
 m - a +0 hunting sling
 y - the +4 whip of Agony {vorpal, rElec Int+5, unknown}
   (You found it on level 4 of the Dungeon)

   It inflicts extra damage upon your enemies.
   It affects your intelligence (+5).
   It insulates you from electricity.
Missiles
 c - 5 large rocks (quivered)
 d - 2 throwing nets
 f - 50 stones
 h - 57 poisoned darts
 v - 3 boomerangs
 w - 34 sling bullets
Armour
 b - a +0 robe (worn)
 A - a +1 hat (worn)
Jewellery
 j - an uncursed amulet of the acrobat {unknown}
 q - an amulet of guardian spirit (around neck)
Scrolls
 e - a scroll of noise {unknown}
 g - 2 scrolls of random uselessness {unknown}
 i - a scroll of fear {unknown}
 k - a scroll of blinking {unknown}
 l - 5 scrolls of identify {unknown}
 o - 3 scrolls of enchant armour {unknown}
 p - a scroll of magic mapping {unknown}
 s - 3 scrolls of remove curse {unknown}
 t - a scroll of enchant weapon {unknown}
 z - a scroll of fog {unknown}
Potions
 n - 2 potions of degeneration {unknown}
 r - a potion of berserk rage {unknown}
 u - 2 potions of brilliance {unknown}
 x - a potion of mutation {unknown}


   Skills:
 - Level 1.5 Fighting
 - Level 3.6 Throwing
 - Level 1.5 Dodging
 - Level 0.3 Stealth
 * Level 6.0 Unarmed Combat


You had 5 spell levels left.
You didn't know any spells.
Your spell library was empty.

Dungeon Overview and Level Annotations

Branches:
Dungeon (4/15)             Temple (1/1) D:4

Altars:
Ashenzari
Cheibriados
Dithmenos
Elyvilon
Gozag
Kikubaaqudgha
Makhleb
Qazlal
Sif Muna
Trog
Uskayaw
Vehumet
Wu Jian
The Shining One

Annotations:
D:6 Pikel


Innate Abilities, Weirdness & Mutations

You are too large for most types of armour.
You have claws for hands.
Your natural rate of healing is unusually fast.
You are covered in fur. (AC +1)
You have extremely tough skin. (AC +3)


Message History

You scratch Pikel.
Pikel is moderately wounded.
The lemure barely misses you. The lemure hits you. Pikel barely misses you.
You scratch Pikel but do no damage.
Pikel is moderately wounded.
The lemure hits you but does no damage.
The phantom hits you but does no damage.
Pikel says, "Hell isn't that bad."
Pikel hits you with a +0 whip of electrocution!
* * * LOW HITPOINT WARNING * * *
You claw Pikel!
Pikel is severely wounded.
The phantom hits you!
* * * LOW HITPOINT WARNING * * *
Pikel hits you with a +0 whip of electrocution.
* * * LOW HITPOINT WARNING * * *
The lemure hits you but does no damage. The lemure hits you but does no damage.
The phantom hits you!
You die...
Your body crumbles into a pile of gold.

#...####..
......#.##
.>......# #.
##....#..#...
##...........#
##...........#
##......5$....#
#......W55....#
##......@5K......
#..............$.
##......P.####.$.
#..#..PP.# ..
#....##### .
#....# ##...#
#...# #...#


You could see Pikel, a phantom and 4 lemures.

Vanquished Creatures
  A centaur (D:6)
  A hound (D:4)
  An orc priest (D:4)
  An orc wizard (D:4)
  3 adders (D:3)
  A shadow imp (D:6)
  A worm (D:2)
  2 dart slugs
  2 leopard geckos
  10 orcs
  6 giant cockroaches
  3 goblins
  5 hobgoblins
  10 jackals
  5 kobolds
  2 quokkas
  4 ball pythons
  6 bats
  3 frilled lizards
  A quokka zombie (D:4)
  7 rats
75 creatures vanquished.

Vanquished Creatures (others)
  A fungus (D:4)
1 creature vanquished.

Grand Total: 76 creatures vanquished

Notes
Turn   | Place    | Note
-------+----------+-------------------------------------------
     0 | D:1      | sankara the Troll Hunter began the quest for the Orb.
     0 | D:1      | Reached XP level 1. HP: 19/19 MP: 0/0
    79 | D:1      | Reached skill level 1 in Unarmed Combat
   109 | D:1      | Reached XP level 2. HP: 27/27 MP: 1/1
   173 | D:1      | Reached skill level 2 in Unarmed Combat
   801 | D:2      | Reached XP level 3. HP: 30/33 MP: 2/2
  1032 | D:2      | Reached skill level 3 in Unarmed Combat
  1590 | D:3      | Reached XP level 4. HP: 38/41 MP: 3/3
  1670 | D:3      | Reached skill level 4 in Unarmed Combat
  2280 | D:4      | Reached skill level 5 in Unarmed Combat
  2280 | D:4      | Reached XP level 5. HP: 19/48 MP: 0/4
  2545 | D:4      | Got an ancient whip
  2704 | D:4      | Found a snail-covered altar of Cheibriados.
  2880 | D:4      | Found a staircase to the Ecumenical Temple.
  2891 | Temple   | Entered the Ecumenical Temple
  3120 | Temple   | Became a worshipper of Gozag Ym Sagoz the Greedy
  3160 | D:4      | You fall into a shaft and drop 2 floors!
  3172 | D:6      | Noticed a centaur
  3173 | D:6      | Noticed a phantom
  3175 | D:6      | Noticed a lemure
  3176 | D:6      | Noticed Pikel
  3177 | D:6      | Noticed a lemure
  3178 | D:6      | Killed a centaur
  3179 | D:6      | Reached skill level 6 in Unarmed Combat
  3179 | D:6      | Reached XP level 6. HP: 45/55 MP: 5/5
  3190 | D:6      | Mangled by a phantom

Illustrated notes

Levels and vault maps discovered:
D:1:      dpeg_arrival_rooms_a, layout_basic, chequers_arboretum,
          minmay_misc_feat_more_columns, chequers_jeans
D:2:      layout_loops_corners
D:3:      layout_loops_ring, kennysheep_generic_room_5
D:4:      layout_layer_cave, nicolae_ru_the_path_less_chosen,
          nicolae_overflow_crystal_walls, temple_hall, uniq_eustachio
D:6:      layout_cave_pools, grunt_temple_overflow_diamond,
          sigmund_edmund_badplayer, uniq_blork_the_orc, uniq_pikel, uniq_grinder
Temple:   nicolae_temple_figure_eight

Skill      XL: |  1  2  3  4  5 |
---------------+----------------+-----
Unarmed Combat | 1 2 3 5 6 |  6.0
Fighting       | |  1.5
Throwing       | |  3.6
Dodging        | |  1.5
Stealth        | |  0.3

Action                   |  1- 3 |  4- 6 || total
-------------------------+-------+-------++-------
Melee: Unarmed           |   118 |   100 ||   218
       Punch             |       |     2 ||     2
  Use: Potion            |       |     1 ||     1
 Stab: Distracted        |     1 |       ||     1
       Sleeping          |       |     1 ||     1
Armor: Robe              |    63 |    40 ||   103
Dodge: Dodged            |    76 |    62 ||   138
